 Dungeon Crawl Stone Soup version 0.26-a0-1161-g0398aca569 (webtiles) character file.

Game seed: 421398474729710336

63 Morbidden the Firebug (level 3, -3/24 HPs)
             Began as a Demonspawn Fire Elementalist on Dec 28, 2020.
             Slain by a gnoll
             ... wielding a +0 spear
              (12 damage)
             ... on level 2 of the Dungeon.
             The game lasted 00:02:19 (2228 turns).

Morbidden the Firebug (DsFE)                        Turns: 2228, Time: 00:02:20

Health: -3/24      AC:  2    Str:  8    XL:     3   Next: 89%
Magic:  0/7        EV: 12    Int: 17    God:
Gold:   75         SH:  0    Dex: 13    Spells: 6/7 levels left

rFire    . . .     SeeInvis .   (no weapon)
rCold    . . .     Faith    .   (no shield)
rNeg     . . .     Spirit   +   a - +0 robe
rPois    .         Reflect  .   (helmet restricted)
rElec    .         Harm     .   (no cloak)
rCorr    .         Rampage  .   (no gloves)
Will     .....                  (no boots)
Stlth    ++........             (no amulet)
HPRegen  0.08/turn              b - ring of ice
MPRegen  0.10/turn              f - ring of fire

@: very slightly contaminated
A: horns 1, magic shield
a: no special abilities


You were on level 2 of the Dungeon.
You visited 1 branch of the dungeon, and saw 2 of its levels.

You collected 75 gold pieces.

Inventory:

Armour
 a - a +0 robe (worn)
 d - a +0 cloak
Jewellery
 b - a ring of ice (left hand)
 f - a ring of fire (right hand)
Scrolls
 c - a scroll of teleportation
 e - 2 scrolls of identify {unknown}
 g - a scroll of random uselessness {unknown}


   Skills:
 * Level 0.2 Fighting
 * Level 2.0 Dodging
 + Level 1.9 Stealth
 * Level 2.8 Spellcasting
 * Level 1.6 Conjurations
 * Level 3.3 Fire Magic


You had 6 spell levels left.
You knew the following spells:

 Your Spells              Type           Power        Failure   Level
a - Foxfire               Conj/Fire      64%          6%          1

Your spell library contained the following spells:

 Spells                   Type           Power        Failure   Level
 Conjure Flame            Conj/Fire      16%          19%         3
 Inner Flame              Hex/Fire       12%          26%         3
 Sticky Flame             Conj/Fire      16%          54%         4
 Fireball                 Conj/Fire      8%           87%         5


Dungeon Overview and Level Annotations

Branches:
Dungeon (2/15)

Altars:

Annotations:
D:2 Jessica


Innate Abilities, Weirdness & Mutations

You have a pair of small horns on your head.
When hurt, damage is shared between your health and your magic reserves.


Message History

Unknown command.
Casting: Foxfire (safe; 7% risk of failure)
Confirm with . or Enter, or press ? or * to list all spells.
You feel a surge of power!
You conjure some foxfire!
The gnoll hits you. The gnoll closely misses you.
The foxfire hits the gnoll.
The gnoll is severely wounded.
The foxfire hits the gnoll.
You kill the gnoll!
The gnoll hits you from afar with a +0 spear!
Your Dodging skill increases to level 2!
Unknown command.
Casting: Foxfire (safe; 6% risk of failure)
Confirm with . or Enter, or press ? or * to list all spells.
You feel a surge of power!
You miscast Foxfire.
You are very lightly contaminated with residual magic.
Nothing appears to happen.
The gnoll hits you from afar with a +0 spear!
Ouch! That really hurt!
You die...

##.#####.#####
.............#
##.#.......###.##
...#######......#
#..# ##.###÷.# #
#..# #..# #..#
#.##.##..#
##.####..##
#...)g†.§#
#.......... #@§#
#..###....)
#..#####..# #...##
#....<...># #...##
#...####..###.....
#...#.≈§≈......≈†≈
......≈≈≈≈≈..≈.≈.≈≈
#####.#..≈≈≈≈≈≈)≈≈≈.
.....≈≈≈≈≈≈≈≈≈.≈
....(≈≈≈≈≈≈≈≈≈..


You could see a gnoll.

Vanquished Creatures
  2 gnolls (D:2)
  2 adders (D:2)
  4 goblins
  6 hobgoblins
  4 kobolds
  A ball python (D:1)
  A bat (D:1)
  4 frilled lizards
  4 rats
28 creatures vanquished.

Vanquished Creatures (others)
  133 foxfires
133 creatures vanquished.

Grand Total: 161 creatures vanquished

Notes
Turn   | Place    | Note
-------+----------+-------------------------------------------
     0 | D:1      | Morbidden the Demonspawn Fire Elementalist began the quest
                  | for the Orb.
     0 | D:1      | Reached XP level 1. HP: 13/13 MP: 3/3
   875 | D:1      | Reached skill level 3 in Fire Magic
   950 | D:1      | Gained mutation: You have a pair of small horns on your
                  | head. [demonic ancestry]
   950 | D:1      | Reached XP level 2. HP: 19/19 MP: 1/5
  1709 | D:2      | Noticed Jessica
  1914 | D:2      | Gained mutation: When hurt, damage is shared between your
                  | health and your magic reserves. [demonic ancestry]
  1914 | D:2      | Reached XP level 3. HP: 20/24 MP: 2/6
  2137 | D:2      | Found a faded altar of an unknown god.
  2228 | D:2      | Slain by a gnoll

Illustrated notes

Levels and vault maps discovered:
D:1:      kilobyte_arrival_exit_the_forest, layout_loops_corners
D:2:      layout_loops_ring, chequers_ecumenical_altar_island, uniq_jessica

Skill      XL: |  1  2  3 |
---------------+----------+-----
Fire Magic     | 3 |  3.3
Dodging        | 2 |  2.0
Fighting       | |  0.2
Stealth        | |  1.9
Spellcasting   | |  2.8
Conjurations   | |  1.6

Action                   || total
-------------------------++-------
Melee: Unarmed           ||     9
       Headbutt          ||     2
 Cast: Foxfire           ||    86
  Use: Scroll            ||     1
       Potion            ||     1
Armor: Robe              ||     5
Dodge: Dodged            ||    19

Table legend: (Time is in decaauts)
 A = Elapsed time spent in this place.
 B = Non-inter-level travel time spent in this place.
 C = Inter-level travel time spent in this place.
 D = Time resting spent in this place.
 E = Time spent auto-exploring this place.
 F = Levels seen in this place.
 G = Mean time per level.
                   A        B        C        D        E       F      G
               +--------+--------+--------+--------+--------+-----+--------+
         Total |   2238 |   2213 |     25 |    304 |   1649 |   2 | 1119.0 |
       Dungeon |   2238 |   2213 |     25 |    304 |   1649 |   2 | 1119.0 |
               +--------+--------+--------+--------+--------+-----+--------+

Top non-repeatable levels by time:
     D:1: 1468 daAuts
     D:2: 769 daAuts
